 Dungeon Crawl Stone Soup version 0.24.1-8-ga250c9d538 (webtiles) character file.

Game seed: 10273551596363179171, levelgen mode: deterministic

72006 Legadrian the Brawler (level 14, 111/140 HPs)
             Began as a Minotaur Berserker on Feb 13, 2020.
             Was the Champion of Trog.
             Quit the game on level 3 of the Lair of Beasts on May 8, 2020.
             The game lasted 01:30:33 (19294 turns).

Legadrian the Brawler (Minotaur Berserker)         Turns: 19294, Time: 01:30:34

Health: 111/140    AC: 22    Str: 32    XL:     14   Next: 99%
Magic:  13/13      EV: 29    Int:  4    God:    Trog [******]
Gold:   1096       SH:  0    Dex: 10    Spells: 13/13 levels left

rFire    . . .     SeeInvis .     - Unarmed
rCold    . . .     Gourm    .   (no shield)
rNeg     . . .     Faith    .   y - +5 chain mail {rPois}
rPois    +         Spirit   .   X - +2 hat
rElec    .         Reflect  .   z - scarf {repulsion}
rCorr    .         Harm     .   (no gloves)
MR       +....                  Z - +2 pair of boots
Stlth    ..........             e - amulet of the acrobat
HPRegen  0.33/turn              d - +5 ring of strength
MPRegen  0.13/turn              S - +4 ring of slaying

@: acrobat, repel missiles
A: retaliatory headbutt, horns 2
a: Berserk, Trog's Hand, Brothers in Arms, Renounce Religion


You were on level 3 of the Lair of Beasts.
You worshipped Trog.
Trog was exalted by your worship.
You were not hungry.

You visited 2 branches of the dungeon, and saw 18 of its levels.
You also visited: Ice Cave.

You collected 1336 gold pieces.
You spent 240 gold pieces at shops.

Inventory:

Missiles
 g - 602 stones (quivered)
 o - 100 poisoned darts
 W - 2 atropa-tipped darts
Armour
 i - a +3 ring mail of fire resistance
 y - a +5 chain mail of poison resistance (worn)
 z - a scarf of repulsion (worn)
 B - a +2 chain mail of cold resistance
 X - a +2 hat (worn)
 Z - a +2 pair of boots (worn)
Jewellery
 c - an uncursed ring of protection from cold
 d - a +5 ring of strength (left hand)
 e - an amulet of the acrobat (around neck)
 f - an uncursed ring of positive energy
 h - a +5 ring of evasion
 n - an uncursed ring of protection from fire
 u - an uncursed ring of poison resistance
 w - an uncursed ring of fire
 O - an uncursed ring of resist corrosion
 S - a +4 ring of slaying (right hand)
Wands
 a - a wand of iceblast (10)
 q - a wand of disintegration (42)
 A - a wand of flame (20)
 C - a wand of polymorph (19)
 D - a wand of random effects (19)
 L - a wand of digging (5)
 M - a wand of paralysis (18)
 Y - a wand of acid (10)
Scrolls
 t - 5 scrolls of fear
 v - 8 scrolls of remove curse
 x - 3 scrolls of blinking
 E - a scroll of random uselessness
 H - 2 scrolls of immolation {unknown}
 K - 2 scrolls of magic mapping {unknown}
 N - 5 scrolls of teleportation
 P - 4 scrolls of identify
 R - 2 scrolls of acquirement {unknown}
 V - 3 scrolls of summoning {unknown}
Potions
 j - 12 potions of curing
 k - 3 potions of heal wounds {unknown}
 l - a potion of resistance
 m - 5 potions of flight
 p - 4 potions of agility
 r - 3 potions of degeneration {unknown}
 s - 2 potions of brilliance {unknown}
 G - 2 potions of berserk rage {unknown}
 I - a potion of mutation {unknown}
 J - a potion of might {unknown}
 Q - 3 potions of lignification {unknown}
 U - a potion of haste {unknown}
Comestibles
 b - 42 rations
 F - a chunk of flesh


   Skills:
 * Level 17.1 Fighting
 - Level 11.8 Armour
 - Level 11.6 Dodging
 + Level 18.0 Unarmed Combat


You had 13 spell levels left.
You didn't know any spells.
Your spell library contained the following spells:

 Spells                   Type           Power        Failure   Level  Hunger
 Apportation              Tloc           #.....       88%         1    ##.....
 Beastly Appendage        Tmut           #.....       88%         1    ##.....
 Confusing Touch          Hex            #.....       88%         1    ##.....
 Sandblast                Erth           #.....       88%         1    ##.....
 Summon Butterflies       Summ           #.......     88%         1    ##.....
 Passwall                 Tmut/Erth      #.......     96%         2    ###....
 Sticks to Snakes         Tmut           #.......     96%         2    ###....
 Confuse                  Hex            #.......     99%         3    ####...
 Gell's Gravitas          Tloc           #.........   99%         3    ####...
 Lesser Beckoning         Tloc           #.........   99%         3    ####...
 Spider Form              Tmut/Pois      #.........   99%         3    ####...
 Stone Arrow              Conj/Erth      #.....       99%         3    ####...
 Tukima's Dance           Hex            #.......     99%         3    ####...
 Ice Form                 Ice/Tmut       #.......     100%        4    #####..
 Petrify                  Tmut/Erth      #.......     100%        4    #####..
 Alistair's Intoxication  Tmut/Pois      #.......     100%        5    ######.
 Blade Hands              Tmut           #.........   100%        5    ######.
 Lee's Rapid Deconstruct  Erth           #.........   100%        5    ######.
 Metabolic Englaciation   Hex/Ice        #.........   100%        5    ######.
 Yara's Violent Unravell  Hex/Tmut       #.........   100%        5    ######.
 Invisibility             Hex            #.......     100%        6    #######


Dungeon Overview and Level Annotations

Branches:
Dungeon (15/15)            Temple (0/1) D:4            Lair (3/6) D:9
  Swamp (0/4) Lair:3        Snake (0/4) Lair:2          Orc (0/2) D:11
 Vaults (0/5) D:13         Depths (0/5) D:15          IceCv (visited)

Altars:
Cheibriados
Dithmenos
Hepliaklqana
Nemelex Xobeh
Vehumet
Wu Jian
Yredelemnul
Zin

Shops:
D:4 [   D:5 }*   D:6 *

Annotations:
D:13 exclusion: orange crystal statue
D:14 exclusion: orange crystal statue


Innate Abilities, Weirdness & Mutations

You reflexively headbutt those who attack you in melee.
You have a pair of horns on your head.


Message History

Unknown command.
Unknown command.
Unknown command.
Unknown command.
Okay, then.
No target in view!
Okay, then.
Press: ? - help, v - describe, . - travel The floor.
Unknown command.
Welcome back, Legadrian the Minotaur Berserker.
Trog says: Kill them all!
Press ? for a list of commands and other information.
Welcome back, Legadrian the Minotaur Berserker.
Trog says: Kill them all!
Press ? for a list of commands and other information.
Unknown command.
Unknown command.
You can't go down here!
Are you sure you want to abandon this character and quit the game? (Confirm with "yes".)

##.#..............
##..####..........#
#..♣# ♣♣♣♣♣....♣..
#♣♣♣♣♣♣♣♣♣>♣♣♣.♣♣♣.
♣§§♣§§♣≈≈♣♣♣♣♣.♣.
♣♣§§§§§§≈≈♣♣.♣≈...
♣.§§§§§.≈♣♣..≈≈...
♣..♣§§§.♣♣...≈≈≈♣#
♣@.♣§§§♣ ♣§§≈≈≈≈♣
♣♣§§§§≈♣♣♣§♣≈≈≈≈♣
♣§§§≈§♣.§§♣≈≈≈≈♣
♣♣§≈§§§§§§♣≈≈≈≈♣
♣♣♣≈..♣♣♣♣♣≈≈≈♣
♣♣♣♣♣ ♣♣♣♣♣


There were no monsters in sight!

Vanquished Creatures
  Jorgrun (D:13)
  Gastronok (Lair:1)
  Kirke (D:13)
  An ironheart preserver (D:13)
  Josephine (D:11)
  A fire dragon (D:15)
  An ogre mage (D:14)
  2 catoblepae
  The ghost of MisterT the Severer, a journeyman HOFi of Beogh (Lair:2)
  5 hydras
  2 death knights
  Erica (D:11)
  2 centaur warriors (D:14)
  3 two-headed ogres
  3 death yaks (D:14)
  A tengu warrior (D:13)
  A deep troll earth mage (D:14)
  A titan zombie (D:15)
  Sonja (Lair:2)
  4 slime creatures
  2 skeletal warriors (D:15)
  2 unseen horrors
  A flayed ghost (D:15)
  A wizard (D:14)
  A golden dragon skeleton (D:15)
  2 orc knights (D:15)
  2 deep elf magi (D:14)
  2 necromancers
  A faun (shapeshifter) (D:14)
  A frost giant zombie (D:15)
  4 manticores
  4 cyclopes
  An ugly thing (D:11)
  A black mamba (Lair:2)
  2 ice statues (IceCv)
  5 spiny frogs
  3 gargoyles
  4 rime drakes (Lair:2)
  6 ice devils (IceCv)
  5 komodo dragons
  2 freezing wraiths
  A queen bee (shapeshifter) (D:15)
  3 trolls
  A queen bee (Lair:2)
  2 polar bears (D:14)
  2 hornets
  10 hippogriffs
  2 dream sheep
  A meliai zombie (D:15)
  A fire dragon skeleton (D:15)
  2 shadows
  3 centaur simulacra
  Sigmund (D:6)
  4 wyverns
  2 spriggans
  23 yaks
  4 hogs
  A water elemental (D:14)
  A hog (shapeshifter) (D:11)
  Grum (Lair:1)
  9 wraiths
  A yak (shapeshifter) (D:14)
  A steam dragon (D:12)
  3 basilisks
  3 wargs
  3 swamp worms (Lair:3)
  A naga (Lair:2)
  An acid dragon (D:12)
  3 soldier ants
  5 porcupines
  6 water moccasins
  A hornet zombie (D:14)
  17 orc warriors
  6 black bears
  2 sky beasts
  A black mamba simulacrum (Lair:2)
  15 ice beasts
  2 phantoms
  12 wolves
  A necrophage (D:6)
  6 ogres
  17 centaurs
  7 crocodiles
  8 bullfrogs
  3 big kobolds
  A wyvern zombie (D:12)
  A wyvern skeleton (D:11)
  8 scorpions
  A lindwurm simulacrum (Lair:2)
  26 killer bees
  4 wights
  A howler monkey (D:13)
  2 electric eels
  5 crimson imps
  A quasit (D:5)
  5 centaur zombies
  2 wyvern simulacra (D:14)
  2 draconian simulacra (IceCv)
  11 orc priests
  4 jellies
  3 bullfrog skeletons
  A water moccasin simulacrum (Lair:2)
  6 hounds
  15 orc wizards
  5 centaur skeletons
  5 iguanas
  A spriggan simulacrum (IceCv)
  10 worker ants
  2 yak simulacra (Lair:2)
  2 troll simulacra (IceCv)
  2 bullfrog simulacra (Lair:2)
  A hound zombie (D:10)
  A porcupine simulacrum (Lair:2)
  2 hound skeletons
  A worker ant zombie (D:5)
  11 gnolls
  A howler monkey zombie (D:5)
  11 adders
  2 naga simulacra (IceCv)
  An ogre simulacrum (IceCv)
  3 shadow imps
  4 ufetubi (D:14)
  2 oozes
  2 adder zombies
  An adder skeleton (D:7)
  4 worms
  2 dart slugs
  7 leopard geckos
  75 orcs
  15 bats
  6 giant cockroaches
  6 goblins
  13 hobgoblins
  20 jackals
  3 quokkas
  3 ball pythons
  4 frilled lizards
  2 gnoll zombies (D:2)
  26 kobolds
  20 rats
  A butterfly (Lair:1)
661 creatures vanquished.

Vanquished Creatures (collateral kills)
  A gnoll sergeant (D:11)
  A gnoll (D:11)
2 creatures vanquished.

Vanquished Creatures (others)
  An orc warrior (D:13)
  A white imp (D:14)
  An orc (D:15)
  2 fungi
  A withered plant (D:15)
6 creatures vanquished.

Grand Total: 669 creatures vanquished

Notes
Turn   | Place    | Note
-------+----------+-------------------------------------------
     0 | D:1      | Legadrian the Minotaur Berserker began the quest for the
                  | Orb.
     0 | D:1      | Reached XP level 1. HP: 19/19 MP: 0/0
   237 | D:1      | Reached XP level 2. HP: 27/27 MP: 1/1
   459 | D:1      | Reached skill level 4 in Unarmed Combat
   593 | D:1      | Reached XP level 3. HP: 33/33 MP: 2/2
   627 | D:1      | Reached ** piety under Trog
   825 | D:2      | Found a snail-covered altar of Cheibriados.
  1172 | D:2      | Reached XP level 4. HP: 30/41 MP: 3/3
  1186 | D:2      | Reached skill level 5 in Unarmed Combat
  1815 | D:2      | Reached *** piety under Trog
  1815 | D:2      | Reached XP level 5. HP: 47/47 MP: 4/4
  1988 | D:2      | Found a basalt altar of Yredelemnul.
  2207 | D:3      | Reached skill level 6 in Unarmed Combat
  2383 | D:3      | Reached **** piety under Trog
  2644 | D:4      | Found a staircase to the Ecumenical Temple.
  2683 | D:4      | Reached XP level 6. HP: 55/55 MP: 5/5
  2877 | D:4      | Reached skill level 7 in Unarmed Combat
  3178 | D:4      | Found Segue's Antique Armour Emporium.
  3363 | D:5      | Entered Level 5 of the Dungeon
  3395 | D:5      | Reached XP level 7. HP: 59/60 MP: 6/6
  3777 | D:5      | Reached skill level 8 in Unarmed Combat
  3876 | D:5      | Found Olephip's Gadget Shoppe.
  3945 | D:5      | Found Joakuyto's Serpentskin Sales.
  3953 | D:5      | Bought an uncursed ring of poison resistance for 240 gold
                  | pieces
  4190 | D:5      | Reached skill level 5 in Armour
  4308 | D:6      | Found an ornate altar of the Wu Jian Council.
  4487 | D:6      | Reached skill level 9 in Unarmed Combat
  4487 | D:6      | Reached XP level 8. HP: 67/67 MP: 7/7
  4489 | D:6      | Noticed Sigmund
  4501 | D:6      | Killed Sigmund
  4532 | D:6      | Reached ***** piety under Trog
  4751 | D:6      | Found a glowing silver altar of Zin.
  4753 | D:6      | Found Zin's Purification Station.
  4778 | D:6      | Reached skill level 5 in Fighting
  5183 | D:7      | Reached XP level 9. HP: 77/77 MP: 8/8
  5970 | D:8      | Found a radiant altar of Vehumet.
  6144 | D:8      | Found a hazy altar of Hepliaklqana.
  6149 | D:8      | Noticed a two-headed ogre
  6160 | D:8      | Killed a two-headed ogre
  6160 | D:8      | Reached skill level 10 in Fighting
  6440 | D:8      | Reached XP level 10. HP: 92/94 MP: 9/9
  6732 | D:9      | Found a staircase to the Lair.
  6814 | D:9      | Received a gift from Trog
  6868 | D:9      | Reached skill level 5 in Dodging
  7249 | D:9      | Found a shadowy altar of Dithmenos.
  7530 | D:10     | Entered Level 10 of the Dungeon
  7747 | D:10     | Reached skill level 10 in Unarmed Combat
  8263 | D:11     | Noticed a red ugly thing
  8275 | D:11     | Killed a red ugly thing
  8382 | D:11     | Noticed a two-headed ogre
  8387 | D:11     | Killed a two-headed ogre
  8387 | D:11     | Reached skill level 11 in Unarmed Combat
  8446 | D:11     | Reached XP level 11. HP: 89/104 MP: 10/10
  8543 | D:11     | Noticed Erica
  8553 | D:11     | Killed Erica
  8587 | D:11     | Noticed Josephine
  8606 | D:11     | Killed Josephine
  8606 | D:11     | Reached skill level 12 in Unarmed Combat
  8772 | D:11     | Killed an unseen horror
  8777 | D:11     | Noticed a six-headed hydra
  8796 | D:11     | Killed a six-headed hydra
  8796 | D:11     | Reached skill level 13 in Unarmed Combat
  9133 | D:11     | Reached skill level 10 in Armour
  9345 | D:11     | Found a staircase to the Orcish Mines.
  9725 | D:12     | Received a gift from Trog
 10067 | D:12     | Reached XP level 12. HP: 115/115 MP: 11/11
 10902 | D:13     | Noticed a tengu warrior
 10934 | D:13     | Killed a tengu warrior
 11022 | D:13     | Found a gate to the Vaults.
 11022 | D:13     | Noticed an ironheart preserver
 11032 | D:13     | Killed an ironheart preserver
 11145 | D:13     | Noticed Kirke
 11177 | D:13     | Killed Kirke
 11177 | D:13     | Reached skill level 14 in Unarmed Combat
 11393 | D:13     | Noticed Jorgrun
 11414 | D:13     | Killed Jorgrun
 11414 | D:13     | Reached skill level 15 in Unarmed Combat
 11831 | D:13     | Noticed a two-headed ogre
 11839 | D:13     | Killed a two-headed ogre
 12210 | D:14     | Noticed a centaur warrior
 12224 | D:14     | Killed a centaur warrior
 12276 | D:14     | Reached XP level 13. HP: 83/125 MP: 12/12
 12339 | D:14     | Found a huge runed translucent gate.
 12339 | D:14     | Found a huge runed translucent gate.
 12339 | D:14     | Found a huge runed translucent gate.
 12354 | D:14     | Found a huge runed translucent gate.
 12472 | D:14     | Received a gift from Trog
 12475 | D:14     | Reached skill level 15 in Fighting
 12828 | D:14     | Found a frozen archway.
 12972 | IceCv    | Entered an ice cave
 13437 | D:14     | Found a sparkling altar of Nemelex Xobeh.
 13562 | D:14     | Found a runed translucent door.
 13695 | D:14     | Reached skill level 10 in Dodging
 13930 | D:14     | Paralysed by an ogre mage for 7 turns
 13941 | D:14     | HP: 3/192 [manticore (9)]
 14417 | D:15     | Entered Level 15 of the Dungeon
 14448 | D:15     | Reached XP level 14. HP: 137/137 MP: 13/13
 14457 | D:15     | Reached ****** piety under Trog
 14574 | D:15     | Found a staircase to the Depths.
 15114 | D:15     | Identified the +6 arbalest of the Trees {flame, *Contam
                  | Int-3 SInv Stlth+}
 15140 | D:15     | Reached skill level 16 in Unarmed Combat
 15493 | D:15     | Received a gift from Trog
 16252 | Lair:1   | Entered Level 1 of the Lair of Beasts
 16252 | Lair:1   | Noticed Grum
 16260 | Lair:1   | Killed Grum
 16920 | Lair:1   | Noticed Gastronok
 16932 | Lair:1   | Killed Gastronok
 17377 | Lair:2   | Reached skill level 17 in Unarmed Combat
 17475 | Lair:2   | Noticed MisterT's ghost (journeyman HOFi)
 17496 | Lair:2   | Found a runed translucent gate.
 17496 | Lair:2   | Found a runed translucent gate.
 17496 | Lair:2   | Found a runed translucent gate.
 17542 | Lair:2   | Killed MisterT's ghost
 17721 | Lair:2   | Upgraded the game from 0.24.0-123-gd5b16e6ec5 to
                  | 0.24.0-124-g2791043dd8
 17724 | Lair:2   | Found a staircase to the Snake Pit.
 18257 | Lair:2   | Noticed Sonja
 18276 | Lair:2   | Killed Sonja
 18276 | Lair:2   | Received a gift from Trog
 19274 | Lair:3   | Found a staircase to the Swamp.
 19290 | Lair:3   | Reached skill level 18 in Unarmed Combat
 19292 | Lair:3   | Upgraded the game from 0.24.0-124-g2791043dd8 to
                  | 0.24.1-8-ga250c9d538
 19294 | Lair:3   | Quit the game

Levels and vault maps discovered:
D:1:      scummos_arrival_star, layout_basic, minmay_pentomino_q2
D:2:      minmay_razor_zed, layout_loops_cross, lemuel_zombie_altar_yredelemnul,
          kennysheep_big_empty_room, ebering_dispersal_statue_hall,
          cheibriados_altar_1
D:3:      layout_basic, kennysheep_potato
D:4:      layout_gridville, minmay_temple_entry_offerings, serial_shops, shop
D:5:      layout_loops_corners, serial_shops,
          nicolae_shop_temple_entry_statues_fountains, first_ration,
          guppyfry_shop_venom
D:6:      layout_loops_cross, zin_purify, overflow_temple_1_default,
          uniq_sigmund
D:7:      layout_loops_ring, the_bakery
D:8:      layout_loops_ring, lemuel_doored_altar, vehumet_altar_wand_db
D:9:      layout_basic, lair_entry_dummy, grunt_dithmenos_smoke
D:10:     layout_basic, corexii_leaking_fountain, minmay_rotating_lava
D:11:     layout_loops_ring, david_orc_1_choice, nicolae_wand_duel, uniq_erica,
          uniq_josephine
D:12:     minmay_spotlight, layout_irregular_city
D:13:     layout_loops_ring, skrybe_vaults_entry_preservation,
          minmay_protected_statue, uniq_jorgrun, uniq_kirke
D:14:     lemuel_bear_cage, layout_basic, serial_ice, serial_ice_h,
          serial_ice_i, serial_ice_a, serial_ice_n, serial_ice_f, serial_ice_e,
          portal_ice_cave_entry_ice_beasts, minivault_27, basic_altar,
          minivault_15, lightli_airlock
D:15:     gammafunk_depths_entry_grave, layout_basic, hangedman_decor_opposing
Lair:1:   layout_loops_ring, lemuel_fruit_fields, uniq_gastronok, uniq_grum
Lair:2:   layout_cave_pods, guppyfry_snake_entry_island, special_room
          [special_room_bee], gammafunk_ghost_icy,
          nicolae_quartered_pool_medium, grunt_forest_large_clearing_hut,
          uniq_sonja
Lair:3:   cheibrodos_lair_overgrown_chateau, layout_cave_pods,
          palyth_hydra_swamp_entry, st_stairs_8, eino_house_with_fridge

Skill      XL: |  1  2  3  4  5  6  7  8  9 10 11 12 13 14 |
---------------+-------------------------------------------+-----
Fighting       | 4 6 10 11 13 14 16 17 | 17.1
Unarmed Combat | 4 5 6 7 9 11 13 15 18 | 18.0
Armour         | 3 4 6 8 9 11 | 11.8
Dodging        | 3 6 11 | 11.6

Action                   |  1- 3 |  4- 6 |  7- 9 | 10-12 | 13-15 || total
-------------------------+-------+-------+-------+-------+-------++-------
Melee: Unarmed           |    96 |   226 |   262 |   506 |   662 ||  1752
       Headbutt          |    19 |    40 |    49 |   135 |   177 ||   420
       Punch             |     2 |     2 |    12 |    31 |    65 ||   112
Invok: Berserk           |       |     1 |     2 |     7 |     6 ||    16
       Trog's Hand       |       |       |     1 |     3 |     2 ||     6
       Brothers in Arms  |       |       |       |     1 |       ||     1
Evoke: Wand              |       |       |       |     1 |       ||     1
  Use: Potion            |     2 |       |     2 |       |     1 ||     5
       Scroll            |     2 |     4 |     7 |     5 |    10 ||    28
 Stab: Sleeping          |     1 |       |       |       |       ||     1
       Distracted        |     1 |       |       |       |       ||     1
       Petrified         |       |       |       |       |     1 ||     1
  Eat: Chunk             |     1 |     8 |    12 |    21 |    28 ||    70
       Ration            |       |       |       |     2 |       ||     2
Armor: Animal skin       |     4 |       |       |       |       ||     4
       Chain mail        |    15 |    82 |    65 |   128 |   179 ||   469
Dodge: Dodged            |    63 |   119 |   181 |   350 |   471 ||  1184
       Deflected         |       |       |       |    11 |    10 ||    21
